 Dungeon Crawl Stone Soup version 0.21-a0-274-gc1afaeb (webtiles) character file.

4745 tof the Grappler (level 10, -1/100 HPs)
             Began as a Troll Monk on Sept 19, 2017.
             Was a Priest of Wu Jian.
             Slain by a wolf (12 damage)
             ... led by Grum
             ... on level 8 of the Dungeon.
             The game lasted 00:19:56 (6798 turns).

tof the Grappler (Troll Monk)                       Turns: 6798, Time: 00:19:56

Health: -1/100     AC:  8    Str: 21    XL:     10   Next: 22%
Magic:  9/9        EV: 15    Int:  6    God:    Wu Jian [***...]
Gold:   208        SH:  0    Dex: 19    Spells: 9/9 levels left

rFire    . . .     SeeInvis .   a - +7 quarterstaff "Xeethere" {venom, rPois MR+ Dex+4}
rCold    . . .     Gourm    +   (shield currently unavailable)
rNeg     . . .     Faith    .   x - +0 robe
rPois    +         Spirit   .   (helmet restricted)
rElec    .         Reflect  .   (no cloak)
rCorr    .         Harm     .   (gloves unavailable)
MR       +....                  (boots unavailable)
Stlth    ++........             w - amulet of regeneration
HPRegen  1.06/turn              D - -3 ring of protection (curse)
MPRegen  0.11/turn              m - +5 ring of protection

@: no status effects
A: unfitting armour, antennae 1, claws 3, fast metabolism 3, gourmand,
regeneration 1, shaggy fur 2, tough skin 2
a: Renounce Religion


You were on level 8 of the Dungeon.
You worshipped Wu Jian.
Wu Jian was most pleased with you.
You were completely stuffed.

You visited 2 branches of the dungeon, and saw 10 of its levels.

You collected 327 gold pieces.
You spent 119 gold pieces at shops.

Inventory:

Hand Weapons
 a - the +7 quarterstaff "Xeethere" (weapon) {venom, rPois MR+ Dex+4}
   (You found it on level 5 of the Dungeon)

   It poisons the flesh of those it strikes.
   It affects your dexterity (+4).
   It protects you from poison.
   It affects your resistance to hostile enchantments.
Armour
 s - a +0 shield
 x - a +0 robe (worn)
Jewellery
 g - an uncursed ring of wizardry
 m - a +5 ring of protection (right claw)
 w - an amulet of regeneration (around neck)
 C - an uncursed ring of protection from fire
 D - a cursed -3 ring of protection (left claw)
 E - a cursed ring of teleportation {unknown}
 H - a cursed ring of teleportation {unknown}
Wands
 u - a wand of iceblast (10/15)
 F - a wand of polymorph (7/24)
Scrolls
 d - a scroll of enchant armour
 k - a scroll of magic mapping
 o - 2 scrolls of amnesia
 r - 3 scrolls of fog
 t - 2 scrolls of noise {unknown}
 v - 2 scrolls of fear
 y - a scroll of recharging {unknown}
 B - a scroll of teleportation {unknown}
Potions
 c - a potion of heal wounds
 e - 4 potions of curing {unknown}
 f - a potion of mutation {unknown}
 h - 2 potions of ambrosia {unknown}
 i - 3 potions of cancellation {unknown}
 j - 4 potions of lignification {unknown}
 l - 2 potions of magic {unknown}
 p - a potion of haste {unknown}
 z - a potion of flight {unknown}
 G - a potion of agility {unknown}
Comestibles
 b - 6 bread rations
 n - 3 meat rations
 q - 3 royal jellies
 A - a fruit
 I - 2 chunks of flesh


   Skills:
 * Level 6.9 Fighting
 + Level 1.9 Staves
 * Level 6.9 Dodging
 - Level 1.0 Stealth
 * Level 5.0 Shields
 * Level 8.5 Unarmed Combat


You had 9 spell levels left.
You didn't know any spells.

Dungeon Overview and Level Annotations

Branches:
Dungeon (9/15)             Temple (1/1) D:6            Lair (0/6) D:8
    Orc: D:9-12

Altars:
Cheibriados
Dithmenos
Elyvilon
Fedhas
Gozag
Hepliaklqana
Kikubaaqudgha
Makhleb
Nemelex Xobeh
Okawaru
Qazlal
Sif Muna
Trog
Uskayaw
Vehumet
Wu Jian
Xom
Yredelemnul
The Shining One

Shops:
D:4 ?   D:7 [   D:8 *

Annotations:
D:8 2 transporters


Innate Abilities, Weirdness & Mutations

You are too large for most types of armour.
You have claws for hands.
Your metabolism is lightning-fast.
You like to eat raw meat.
Your natural rate of healing is unusually fast.
You are covered in thick fur. (AC +2)
You have very tough skin. (AC +2)
You have a pair of small antennae on your head.


Message History

The wolf bites you!
* * * LOW HITPOINT WARNING * * *
The wolf bites you but does no damage. The wolf bites you.
* * * LOW HITPOINT WARNING * * *
You kill the wolf!
The Council accepts your kill. The wolf barely misses you.
You spin and attack the wolf.
You hit the wolf.
The wolf is moderately wounded.
The wolf barely misses you. The wolf bites you.
* * * LOW HITPOINT WARNING * * *
There is an open door, spattered with blood here.
You thump the wolf!
The wolf is severely wounded.
The wolf bites you but does no damage. The wolf completely misses you.
You miss the wolf.
The wolf is severely wounded.
The wolf barely misses you. The wolf bites you!
You die...

####### #.....# #####
#.....# #...#
######..†..##########...####
#....'...)h@..)>[...))).'...
#.####.....####(#####)..####
#..........# #.# #...####
#####.###### #.# #...##≈≈
#.#### #.# #...#≈≈≈ #....#
#.# #...#≈≈. ####.# #.#
#...#≈≈. #.# #.#########≈≈.
#.# ###.........#≈≈≈


You could see a wolf.

Vanquished Creatures
  Pikel (D:5)
  Grum (D:8)
  A hungry ghost (D:8)
  2 wargs (D:8)
  Menkaure (D:5)
  Duvessa (D:5)
  A black bear (D:6)
  2 ice beasts (D:6)
  A sky beast (D:7)
  2 phantoms
  3 orc warriors
  3 ogres
  The ghost of tof the Insei, an amateur DsTm (D:3)
  2 centaurs (D:8)
  3 wolves
  A crocodile (D:8)
  3 bullfrogs
  Dowan (D:5)
  2 scorpions
  3 killer bees (D:8)
  A water moccasin skeleton (D:4)
  2 howler monkeys
  4 wights (D:8)
  3 electric eels (D:7)
  3 hounds
  3 orc priests
  2 jellies
  6 orc wizards
  3 iguanas
  10 worker ants
  A hound skeleton (D:4)
  A worker ant zombie (D:8)
  4 gnolls (D:8)
  8 adders
  3 oozes
  An adder zombie (D:7)
  2 worms (D:2)
  5 dart slugs
  6 leopard geckos
  19 orcs
  4 ball pythons
  10 giant cockroaches
  5 goblins
  6 hobgoblins
  20 jackals
  10 kobolds
  2 quokkas
  5 bats
  2 frilled lizards (D:1)
  A jackal zombie (D:8)
  2 leopard gecko skeletons
  A quokka skeleton (D:5)
  7 rats
197 creatures vanquished.

Notes
Turn   | Place    | Note
-------+----------+-------------------------------------------
     0 | D:1      | tof the Troll Monk began the quest for the Orb.
     0 | D:1      | Reached XP level 1. HP: 22/22 MP: 0/0
    70 | D:1      | Reached XP level 2. HP: 29/29 MP: 1/1
   314 | D:1      | Reached XP level 3. HP: 36/36 MP: 2/2
   860 | D:2      | Found a snail-covered altar of Cheibriados.
   903 | D:2      | Reached XP level 4. HP: 39/44 MP: 3/3
   922 | D:2      | Found a stormy altar of Qazlal.
   923 | D:2      | Noticed an earth elemental
   925 | D:2      | Noticed a water elemental
  1157 | D:2      | Reached skill level 4 in Unarmed Combat
  1327 | D:2      | Found a glowing golden altar of the Shining One.
  1383 | D:2      | Noticed a fire elemental
  1383 | D:2      | Noticed an air elemental
  1417 | D:2      | Reached XP level 5. HP: 53/53 MP: 4/4
  1721 | D:3      | Found a white marble altar of Elyvilon.
  1745 | D:3      | Noticed an ogre
  1760 | D:3      | Killed an ogre
  1765 | D:3      | Noticed tof's ghost (amateur DsTm)
  1916 | D:3      | Reached XP level 6. HP: 62/62 MP: 5/5
  2043 | D:3      | Killed tof's ghost
  2350 | D:4      | Found a burning altar of Makhleb.
  2402 | D:4      | Reached skill level 5 in Unarmed Combat
  2500 | D:4      | Found Qoyf's Magic Scroll Shop.
  2504 | D:4      | Reached XP level 7. HP: 66/70 MP: 6/6
  2511 | D:4      | Bought a scroll of remove curse for 42 gold pieces
  2511 | D:4      | Bought a scroll of fear for 49 gold pieces
  2511 | D:4      | Bought a scroll of identify for 28 gold pieces
  2778 | D:5      | Entered Level 5 of the Dungeon
  2882 | D:5      | Noticed Pikel
  2901 | D:5      | Killed Pikel
  2901 | D:5      | Reached skill level 5 in Fighting
  2901 | D:5      | Reached skill level 5 in Dodging
  2901 | D:5      | Reached skill level 6 in Unarmed Combat
  2901 | D:5      | Reached XP level 8. HP: 80/80 MP: 7/7
  2931 | D:5      | Found a bloodstained altar of Trog.
  2958 | D:5      | Noticed Duvessa
  2960 | D:5      | Noticed Dowan
  2993 | D:5      | Killed Duvessa
  3017 | D:5      | Killed Dowan
  3070 | D:5      | Got a translucent quarterstaff
  3088 | D:5      | Noticed Menkaure
  3096 | D:5      | Killed Menkaure
  3099 | D:5      | Found an iron altar of Okawaru.
  3478 | D:6      | Reached skill level 7 in Unarmed Combat
  3629 | D:6      | Found a staircase to the Ecumenical Temple.
  3638 | Temple   | Entered the Ecumenical Temple
  4276 | D:6      | Reached XP level 9. HP: 85/89 MP: 8/8
  4786 | D:7      | Found an ornate altar of the Wu Jian Council.
  4794 | D:7      | Became a worshipper of the Wu Jian Council
  4794 | D:7      | Reached * piety under Wu Jian
  4794 | D:7      | Reached ** piety under Wu Jian
  4934 | D:7      | Identified the +7 quarterstaff "Xeethere" {venom, rPois MR+ Dex+4} (You found it on level 5 of the Dungeon)
  5149 | D:7      | Found Bikuewea's Armour Shoppe.
  5243 | D:7      | Gained mutation: You have a pair of small antennae on your head. [mutagenic meat]
  5244 | D:7      | Gained mutation: You are covered in thick fur. (AC +2) [mutagenic meat]
  5585 | D:8      | Reached skill level 1 in Staves
  5772 | D:8      | Found an opulent altar of Gozag.
  5776 | D:8      | Found Gozag's Platinum Reserve.
  5805 | D:8      | Noticed a cyclops
  5809 | D:8      | Found a transporter.
  5809 | D:8      | Noticed a manticore
  5834 | D:8      | Found a transporter.
  5836 | D:8      | Noticed a troll
  6002 | D:8      | Reached skill level 8 in Unarmed Combat
  6042 | D:8      | Reached *** piety under Wu Jian
  6064 | D:8      | Found a staircase to the Lair.
  6285 | D:8      | Reached XP level 10. HP: 88/100 MP: 9/9
  6462 | D:8      | Found a deep blue altar of Sif Muna.
  6670 | D:9      | Noticed Grum
  6677 | D:9      | Noticed a two-headed ogre
  6689 | D:8      | Killed Grum
  6781 | D:8      | Reached skill level 5 in Shields
  6798 | D:8      | Slain by a wolf

Vault maps used:
D:1:      lemuel_arrival_tunnels
D:2:      tso_oasis_becter, nicolae_qazlal_style_of_elements,
          kennysheep_slug_shrine, st_stairs_1
D:3:      elyvilon_altar_3
D:4:      nicolae_overflow_crystal_walls, serial_shops, shop_scrolls,
          first_bread
D:5:      lightli_temple_of_fire, basic_altar, uniq_menkaure, uniq_duvessa,
          uniq_pikel
D:6:      minmay_temple_entry_poolview
D:7:      lemuel_coloured_pillars_altar, serial_shops, shop, serial_bayou_ford_a
D:8:      gammafunk_sealed_arena, nicolae_gozag_zags_fifth_avenue, led_sif_pool,
          erik_lair_orcish_takeover
D:9:      kennysheep_mini_moat, cheibrodos_ashenzari_chains,
          hangedman_ru_absence, uniq_grum
Temple:   jpeg_temple_alley_garden

Skill      XL: |  1  2  3  4  5  6  7  8  9 10 |
---------------+-------------------------------+-----
Dodging        | 3 4 5 6 |  6.9
Fighting       | 3 4 5 6 |  6.9
Unarmed Combat | 4 5 6 7 8 |  8.5
Shields        | 2 3 4 5 |  5.0
Staves         | 1 |  1.9
Stealth        | |  1.0

Action                   |  1- 3 |  4- 6 |  7- 9 | 10-12 || total
-------------------------+-------+-------+-------+-------++-------
Melee: Unarmed           |   112 |   168 |   186 |       ||   466
       Punch             |     1 |     1 |       |       ||     2
       Quarterstaff      |       |       |   143 |    74 ||   217
  Use: Scroll            |       |     4 |     2 |       ||     6
       Potion            |       |       |     1 |       ||     1
 Stab: Sleeping          |     2 |     2 |     7 |       ||    11
       Distracted        |       |       |     1 |       ||     1
  Eat: Chunk             |    14 |    15 |    33 |    10 ||    72
       Bread ration      |       |       |     2 |       ||     2
Armor: Robe              |    43 |    61 |   106 |    32 ||   242
Dodge: Dodged            |    69 |   117 |   190 |    99 ||   475
Block: Shield            |       |       |    59 |       ||    59

Table legend:
 A = Spawn XP
 B = Non-spawn XP
 C = Spawn XP percentage of total XP
 D = Spawn monster count
 E = Non-spawn monster count
 F = Spawn count percentage of total count
 G = Total turns spent on level
                    A         B        C        D         E        F      G
               +---------+---------+-------+---------+---------+-------+---------
         Total |       0 |    6779 |   0.0 |       0 |     197 |   0.0 |  6798
               +---------+---------+-------+---------+---------+-------+---------
           D:1 |       0 |      56 |   0.0 |       0 |      31 |   0.0 |   751
           D:2 |       0 |     145 |   0.0 |       0 |      30 |   0.0 |   796
           D:3 |       0 |     297 |   0.0 |       0 |      22 |   0.0 |   722
           D:4 |       0 |     377 |   0.0 |       0 |      17 |   0.0 |   509
           D:5 |       0 |    1343 |   0.0 |       0 |      19 |   0.0 |   450
           D:6 |       0 |     597 |   0.0 |       0 |      10 |   0.0 |   852
           D:7 |       0 |    1066 |   0.0 |       0 |      22 |   0.0 |  1135
           D:8 |       0 |    2729 |   0.0 |       0 |      44 |   0.0 |  1206
           D:9 |       0 |     169 |   0.0 |       0 |       2 |   0.0 |    15
               +---------+---------+-------+---------+---------+-------+---------
